 Dungeon Sprint DCSS version 0.29-a0-870-g2c972031a6 (webtiles) character file.

Game seed: 12192144857770018244

32455 mhtbhm the Bludgeoner (level 13, -3/96 HPs)
             Began as a Gargoyle Fighter on July 17, 2022.
             Was the Champion of Okawaru.
             Shot with a bolt by an orc knight (15 damage)
             ... while paralysed by a vampire knight
             ... in the Dungeon (Sprint VII: "The Pits").
             The game lasted 00:13:56 (4787 turns).

mhtbhm the Bludgeoner (Gargoyle Fighter)            Turns: 4787, Time: 00:13:56

Health: -3/96      AC: 41    Str: 27    XL:     13   Next: 64%
Magic:  24/24      EV:  2    Int: 10    God:    Okawaru [******]
Gold:   89         SH:  0    Dex:  9    Spells: 12/12 levels left

rFire   . . .      SeeInvis .   a - +5 morningstar "Embalmer" {flame, rPois Str+3}
rCold   + . .      Faith    .   c - +0 buckler
rNeg    + . .      Spirit   .   b - +5 scale mail of Fiplofraij {rElec rC+ Int-4}
rPois   ∞          Reflect  .   s - +0 helmet
rElec   +          Harm     .   t - +2 cloak {rPois}
rCorr   .          Rampage  +   r - +0 pair of gloves
Will    .....      NoTele   +   u - +1 pair of boots of Day {Rampage Int+4}
Stlth   +++++.....              (no amulet)
HPRegen 0.26/turn               m - +3 ring of protection
MPRegen 0.19/turn               n - +3 ring of protection

@: paralysed, heroic, finesse-ful, hasted
A: sickness immunity, AC +9, negative energy resistance 1, electricity
resistance, torment resistance 1, petrification resistance
a: Renounce Religion, Heroism, Finesse


You were in the Dungeon.
You worshipped Okawaru.
Okawaru was exalted by your worship.
You visited 1 branch You collected 89 gold pieces.

Inventory:

Hand Weapons
 a - the +5 morningstar "Embalmer" (weapon) {flame, rPois Str+3}
   (Okawaru gifted it to you in the Dungeon)

   It burns those it strikes, dealing additional fire damage.
   Str:       It affects your strength (+3).
   rPois:     It protects you from poison.
 E - the +7 morningstar of Imbalance {venom, rPois Will+ Str-4 Dex+2}
   (You found it in the Dungeon)

   It poisons the flesh of those it strikes.
   Str:       It affects your strength (-4).
   Dex:       It affects your dexterity (+2).
   rPois:     It protects you from poison.
   Will:      It increases your willpower.
 F - a +3 morningstar of protection
Missiles
 D - 11 poisoned darts (quivered)
Armour
 b - the +5 scale mail of Fiplofraij (worn) {rElec rC+ Int-4}
   (You found it in the Dungeon)

   Int:       It affects your intelligence (-4).
   rC:        It protects you from cold.
   rElec:     It insulates you from electricity.
 c - a +0 buckler (worn)
 r - a +0 pair of gloves (worn)
 s - a +0 helmet (worn)
 t - a +2 cloak of poison resistance (worn)
 u - the +1 pair of boots of Day (worn) {Rampage Int+4}
   (Okawaru gifted it to you in the Dungeon)

   Int:       It affects your intelligence (+4).
   Rampage:   It bestows one free step when moving towards enemies.
Jewellery
 e - a ring of flight
 m - a +3 ring of protection (left hand)
 n - a +3 ring of protection (right hand)
 w - a ring of positive energy
 C - a ring of protection from fire
 G - the ring "Hywekhes" {*Corrode Fly Str+2 Int+6 Dex+2}
   (You took it off an orc in the Dungeon)

   [ring of intelligence]

   Str:       It affects your strength (+2).
   Int:       It affects your intelligence (+6).
   Dex:       It affects your dexterity (+2).
   Fly:       It grants you flight.
   *Corrode:  It may corrode you when you take damage.
Wands
 d - a wand of mindburst (11)
Scrolls
 l - 6 scrolls of amnesia
 v - 2 scrolls of fog
 y - 2 scrolls of fear
 z - 8 scrolls of enchant armour
 A - 2 scrolls of identify
Potions
 f - a potion of might
 h - 4 potions of magic
 i - a potion of berserk rage
 o - a potion of brilliance
 p - 4 potions of mutation
 q - a potion of resistance
 I - a potion of flight
Miscellaneous
 x - a box of beasts
 H - a lightning rod (inert)


   Skills:
 + Level 17.1(22.1) Fighting
 + Level 18.4(23.4) Maces & Flails
 + Level 1.1(6.1) Throwing
 + Level 12.7(17.7) Armour
 + Level 11.1(16.1) Dodging
 + Level 11.9(16.9) Stealth
 + Level 14.3(19.3) Shields
 * Level 15.9 Invocations
 + Level 2.0 Evocations


You had 12 spell levels left.
You didn't know any spells.
Your spell library contained the following spells:

 Spells                   Type           Power      Damage    Failure   Level
 Olgreb's Toxic Radiance  Pois           0%         N/A       100%        4
 Eringya's Noxious Bog    Tmut/Pois      0%         N/A       100%        6
 Ozocubu's Refrigeration  Ice            0%         4d5       100%        7
 Ignition                 Fire           0%         3d3       100%        8
 Summon Forest            Summ/Tloc      Unusable   N/A       N/A         5
 Summon Hydra             Summ           Unusable   N/A       N/A         7

Dungeon Overview and Level Annotations

Branches:
Dungeon (1/1)

Altars:
Ashenzari
Cheibriados
Dithmenos
Elyvilon
Fedhas
Gozag
Hepliaklqana
Kikubaaqudgha
Makhleb
Nemelex Xobeh
Okawaru
Qazlal
Ru
Sif Muna
Trog
Uskayaw
Vehumet
Wu Jian
Xom
Yredelemnul
Zin
The Shining One
Jiyva
Lugonu


Innate Abilities, Weirdness & Mutations

You are immune to sickness and miasma.
Your stone body is resilient. (AC +9)
You are immune to poison.
You resist negative energy. (rN+)
You are resistant to electric shocks. (rElec)
You are resistant to unholy torment.
You are immune to petrification.


Message History

Aiming: Thunderbolt
Press: ? - help, Shift-Dir - straight line, f/p - vampire knight
Aim: a vampire knight, wielding a +0 long sword and wearing a +0 plate armour (moderately damaged)
The thunderbolt hits the vampire knight!
The vampire knight is heavily damaged.
The vampire knight casts a spell.
The vampire knight flickers and vanishes!
Deactivating autopickup; reactivate with Ctrl-A.
Unknown command.
Aiming: Thunderbolt
Press: ? - help, Shift-Dir - straight line The thunderbolt hits something!
The lightning rod overheats!
You hear a shout!
Unknown command.
Unknown command.
Unknown command.
Unknown command.
There is a strange disturbance nearby!
Okay, then.
Unknown command.
Okay, then.
Okay, then.
You hear some strange, mumbled words.
You suddenly lose the ability to move!
The bat zombie is engulfed in blazing flames.
The orc knight is engulfed in blazing flames.
The orc knight shoots a bolt.
The bolt hits you!
* * * LOW HITPOINT WARNING * * *
The bat zombie is engulfed in blazing flames.
You destroy the bat zombie!
The orc knight is engulfed in blazing flames.
The orc knight shoots a bolt.
The bolt hits you but does no damage. Something hits you but does no damage.
Something bites you but does no damage.
The orc knight is engulfed in blazing flames.
The orc knight shoots a bolt.
The bolt hits you!
* * * LOW HITPOINT WARNING * * *
Something hits you but does no damage. Something bites you but does no damage.
The orc knight is engulfed in blazing flames.
The orc knight shoots a bolt.
The bolt hits you!
You die...

*,,,,,*,,*,,,*,,*,,,,,*,,**+*
,,,*,,,,,,,,,,,,,,,*,,,,,**,*
,,,,,,,,,,,,,,,,,,,,,,,,,**+*
*++*++*****+*****++*++*****,*
,,,*,,*,,,,,,,,,*,,,,,,,,**+*
,,,*,,*,,,,,,,,,*,,,,,,,,**,*
***************************+*
###########################+#
..........)..°)○@...........#
..........)).)..............#
##########(o##############).#
,,*,,,,#...)..#,,,,*,,*,,#(.#
,,**++*#.c....#*++**,,*,,#..#
,,*,,,,#....o.#,,,,*,,,,,#..#
***,,,,###..###,,,,****,,#..#
,,,,,,,,,p...,,,,,,,,,+,,#..#
***,,,,,...o..,,,,,****,,#..#


You could see an orc knight.

Vanquished Creatures
  2 death cobs (D)
  Polyphemus (D)
  An emperor scorpion (D)
  2 orc warlords (D)
  A spriggan defender (D)
  A deep elf annihilator (D)
  A minotaur (D)
  A blizzard demon (D)
  An eidolon (D)
  A yaktaur captain (D)
  2 hydras (D)
  A vault guard (D)
  An ogre mage (D)
  A catoblepas (D)
  3 two-headed ogres (D)
  A death yak (D)
  An alligator snapping turtle (D)
  Nergalle (D)
  A shadow wraith (D)
  A deep elf knight (D)
  A fire crab (D)
  A glowing orange brain (shapeshifter) (D)
  A phantasmal warrior (D)
  8 orc knights (D)
  A lindwurm (D)
  2 deep elf pyromancers (D)
  An orc sorcerer (D)
  A deep elf zephyrmancer (D)
  Maurice (D)
  A rust devil (D)
  A smoke demon (D)
  2 orange demons (D)
  An unseen horror (D)
  2 freezing wraiths (D)
  A komodo dragon (shapeshifter) (D)
  2 yaktaurs (D)
  A guardian mummy (D)
  2 trolls (D)
  A red devil (D)
  2 merfolk (D)
  A polar bear (D)
  3 blink frogs (D)
  2 snapping turtles (D)
  A jumping spider (D)
  A water elemental (D)
  A vampire (D)
  2 wyverns (D)
  A basilisk (D)
  3 redbacks (D)
  2 fire bats (D)
  A golden eye (shapeshifter) (D)
  A neqoxec (D)
  An ice beast (D)
  A black bear (D)
  2 ogres (D)
  A wolf (D)
  A kobold brigand (D)
  An earth elemental (D)
  A gnoll sergeant (D)
  A necrophage (D)
  A scorpion (D)
  4 killer bees (D)
  A hound (D)
  A jelly (D)
  2 gnoll boudas (D)
  An iron imp (D)
  An iguana (D)
  A hell rat (D)
  A mummy (D)
  8 gnolls (D)
  An adder (D)
  An ufetubus (D)
  An adder zombie (D)
  5 orcs (D)
  A bat zombie (D)
  2 giant cockroaches (D)
  A goblin (D)
  2 hobgoblins (D)
  2 quokkas (D)
  A ball python zombie (D)
  2 bats (D)
  A bat simulacrum (D)
  A frilled lizard (D)
  2 kobolds (D)
  A rat (D)
131 creatures vanquished.

Vanquished Creatures (others)
  An orc wizard (D)
1 creature vanquished.

Grand Total: 132 creatures vanquished

Notes
Turn   | Place    | Note
-------+----------+-------------------------------------------
     0 | D        | mhtbhm the Gargoyle Fighter began the quest for the Orb.
     0 | D        | Reached XP level 1. HP: 14/14 MP: 1/1
    21 | D        | Found a bloodstained altar of Trog.
    21 | D        | Found a shimmering blue altar of Sif Muna.
    21 | D        | Found a viscous altar of Jiyva.
    21 | D        | Found a hazy altar of Hepliaklqana.
    21 | D        | Found an opulent altar of Gozag.
    22 | D        | Found a glowing golden altar of the Shining One.
    22 | D        | Found a glowing silver altar of Zin.
    22 | D        | Found a basalt altar of Yredelemnul.
    22 | D        | Found a shimmering altar of Xom.
    22 | D        | Found an ornate altar of the Wu Jian Council.
    22 | D        | Found a sacrificial altar of Ru.
    22 | D        | Found a stormy altar of Qazlal.
    22 | D        | Found an iron altar of Okawaru.
    22 | D        | Found a sparkling altar of Nemelex Xobeh.
    22 | D        | Found a burning altar of Makhleb.
    22 | D        | Found a blossoming altar of Fedhas.
    22 | D        | Found a white marble altar of Elyvilon.
    22 | D        | Found a shadowy altar of Dithmenos.
    22 | D        | Found a snail-covered altar of Cheibriados.
    24 | D        | Found a radiant altar of Vehumet.
    24 | D        | Found a corrupted altar of Lugonu.
    25 | D        | Found a hide-covered altar of Uskayaw.
    25 | D        | Found an ancient bone altar of Kikubaaqudgha.
    25 | D        | Found a broken altar of Ashenzari.
    30 | D        | Became a worshipper of Warmaster Okawaru
   197 | D        | Reached XP level 2. HP: 20/20 MP: 2/2
   280 | D        | Noticed a black bear
   281 | D        | Noticed a necrophage
   293 | D        | Reached skill level 5 in Armour
   293 | D        | Reached XP level 3. HP: 24/24 MP: 3/3
   304 | D        | Killed a necrophage
   305 | D        | Reached skill level 5 in Fighting
   305 | D        | Reached skill level 3 in Maces & Flails
   305 | D        | Reached skill level 1 in Dodging
   305 | D        | Reached skill level 5 in Shields
   305 | D        | Reached XP level 4. HP: 16/31 MP: 4/4
   319 | D        | Killed a black bear
   319 | D        | Reached * piety under Okawaru
   320 | D        | Reached skill level 5 in Maces & Flails
   320 | D        | Reached XP level 5. HP: 23/37 MP: 5/5
   327 | D        | Reached XP level 6. HP: 15/42 MP: 6/6
   348 | D        | Reached skill level 6 in Maces & Flails
   532 | D        | Reached skill level 7 in Maces & Flails
   622 | D        | Reached ** piety under Okawaru
   768 | D        | Noticed a deep elf zephyrmancer
   781 | D        | Killed a deep elf zephyrmancer
   782 | D        | Reached skill level 10 in Maces & Flails
   782 | D        | Reached XP level 7. HP: 28/50 MP: 7/7
   928 | D        | Reached XP level 8. HP: 44/55 MP: 8/8
   991 | D        | Noticed a snapping turtle
   991 | D        | Noticed a guardian mummy
  1014 | D        | Killed a guardian mummy
  1014 | D        | Reached *** piety under Okawaru
  1015 | D        | Reached skill level 11 in Maces & Flails
  1015 | D        | Reached skill level 10 in Armour
  1025 | D        | Killed a snapping turtle
  1531 | D        | Noticed a merfolk
  1531 | D        | Noticed a deep elf pyromancer
  1532 | D        | Noticed a jumping spider
  1554 | D        | Killed a merfolk
  1554 | D        | Reached **** piety under Okawaru
  1555 | D        | Reached skill level 12 in Maces & Flails
  1555 | D        | Reached XP level 9. HP: 47/61 MP: 12/12
  1568 | D        | Reached skill level 5 in Invocations
  1581 | D        | Killed a deep elf pyromancer
  1582 | D        | Reached skill level 10 in Fighting
  1609 | D        | Reached ***** piety under Okawaru
  1610 | D        | Reached skill level 13 in Maces & Flails
  1753 | D        | Noticed a seven-headed hydra
  1753 | D        | Noticed a troll
  1754 | D        | Noticed Maurice
  1754 | D        | Noticed a seven-headed hydra
  1764 | D        | Killed a seven-headed hydra
  1765 | D        | Reached skill level 5 in Dodging
  1765 | D        | Reached skill level 10 in Shields
  1765 | D        | Reached XP level 10. HP: 49/68 MP: 15/15
  1774 | D        | Killed a seven-headed hydra
  1787 | D        | Identified the +1 pair of boots of Day {Rampage Int+4}
                  | (Okawaru gifted it to you in the Dungeon)
  1787 | D        | Received a gift from Okawaru
  1788 | D        | Reached skill level 14 in Maces & Flails
  1802 | D        | Killed Maurice
  2002 | D        | Noticed a death cob
  2049 | D        | Killed a death cob
  2271 | D        | Noticed an orange demon
  2285 | D        | Killed an orange demon
  2293 | D        | Reached XP level 11. HP: 36/76 MP: 18/18
  2524 | D        | Reached skill level 10 in Invocations
  2631 | D        | Noticed a phantasmal warrior
  2645 | D        | Reached skill level 5 in Stealth
  2677 | D        | Killed a phantasmal warrior
  2957 | D        | Noticed a lindwurm
  2991 | D        | Identified the +5 morningstar "Embalmer" {flame, rPois
                  | Str+3} (Okawaru gifted it to you in the Dungeon)
  2991 | D        | Received a gift from Okawaru
  3003 | D        | Killed a lindwurm
  3010 | D        | Reached ****** piety under Okawaru
  3011 | D        | Reached skill level 15 in Maces & Flails
  3509 | D        | Noticed an alligator snapping turtle
  3526 | D        | Killed an alligator snapping turtle
  3672 | D        | Noticed an eidolon
  3682 | D        | Killed an eidolon
  3818 | D        | Noticed a death yak
  3818 | D        | Noticed Polyphemus
  3841 | D        | Killed Polyphemus
  3841 | D        | Received a gift from Okawaru
  3842 | D        | Killed a death yak
  3843 | D        | Reached XP level 12. HP: 34/84 MP: 19/21
  4138 | D        | Noticed a deep elf annihilator
  4138 | D        | Noticed Nergalle
  4138 | D        | Noticed an ogre mage
  4138 | D        | Noticed a two-headed ogre
  4138 | D        | Noticed a two-headed ogre
  4138 | D        | Noticed a two-headed ogre
  4138 | D        | Noticed a blizzard demon
  4145 | D        | Killed Nergalle
  4150 | D        | Killed a two-headed ogre
  4151 | D        | Reached skill level 16 in Maces & Flails
  4152 | D        | Killed a deep elf annihilator
  4157 | D        | Killed a blizzard demon
  4163 | D        | Killed a two-headed ogre
  4170 | D        | Killed a two-headed ogre
  4174 | D        | Killed an ogre mage
  4174 | D        | Received a gift from Okawaru
  4184 | D        | Got the +7 morningstar of Imbalance {venom, rPois Will+
                  | Str-4 Dex+2}
  4312 | D        | Noticed a catoblepas
  4316 | D        | Noticed a death cob
  4316 | D        | Noticed a spriggan defender
  4320 | D        | Reached skill level 15 in Fighting
  4325 | D        | Noticed a minotaur
  4328 | D        | Killed a death cob
  4329 | D        | Reached skill level 17 in Maces & Flails
  4332 | D        | Killed a catoblepas
  4333 | D        | Reached skill level 10 in Dodging
  4340 | D        | Identified the ring "Hywekhes" {*Corrode Fly Str+2 Int+6
                  | Dex+2}
  4349 | D        | Killed a spriggan defender
  4361 | D        | Killed a minotaur
  4373 | D        | Noticed an emperor scorpion
  4378 | D        | Reached XP level 13. HP: 42/93 MP: 18/23
  4391 | D        | Killed an emperor scorpion
  4433 | D        | Reached skill level 10 in Stealth
  4513 | D        | Got the +5 scale mail of Fiplofraij {rElec rC+ Int-4}
  4710 | D        | Noticed an orc warlord
  4710 | D        | Noticed an orc warlord
  4736 | D        | Reached skill level 15 in Invocations
  4741 | D        | Killed an orc warlord
  4742 | D        | Reached skill level 18 in Maces & Flails
  4752 | D        | Noticed a yaktaur captain
  4756 | D        | Noticed a vault guard
  4758 | D        | Reached skill level 1 in Evocations
  4764 | D        | Killed an orc warlord
  4764 | D        | Received a gift from Okawaru
  4767 | D        | Killed a yaktaur captain
  4768 | D        | Reached skill level 1 in Throwing
  4770 | D        | Killed a vault guard
  4774 | D        | Noticed a vampire knight
  4783 | D        | Paralysed by something for 4 turns
  4787 | D        | Shot with a bolt by an orc knight

Illustrated notes

Levels and vault maps discovered:
D:        pitsprint [storerooms_1, entrance_room_1, metal_vault_1, armoury_1,
          mini_pit_1, grid_room_1, main_hall_1, silver_pit, the_coven_2,
          the_vestibule_1, steel_vault_2, golden_pit, hallway_of_sentries,
          crystal_vault_2, iron_vault_2, final_vault]

Skill      XL: |  1  2  3  4  5  6  7  8  9 10 11 12 13 |
---------------+----------------------------------------+-----
Armour         | 4 5 6 7 9 10 11 12 | 12.7
Shields        | 4 5 6 8 9 10 11 12 13 14 | 14.3
Fighting       | 4 5 6 8 9 10 12 13 15 17 | 17.1
Maces & Flails | 3 5 10 12 13 14 15 17 18 | 18.4
Dodging        | 1 3 5 7 9 10 11 | 11.1
Invocations    | 4 7 9 12 14 15 | 15.9
Stealth        | 3 5 9 11 | 11.9
Evocations     | 2 |  2.0
Throwing       | 1 |  1.1

Action                   |  1- 3 |  4- 6 |  7- 9 | 10-12 | 13-15 || total
-------------------------+-------+-------+-------+-------+-------++-------
Melee: Mace              |    33 |       |       |       |       ||    33
       Flail             |    22 |    53 |   172 |   227 |       ||   474
       Morningstar       |       |       |       |   161 |    72 ||   233
Throw: Dart              |       |       |       |     1 |     3 ||     4
       Javelin           |       |       |       |       |     4 ||     4
Invok: Heroism           |       |       |       |     4 |     2 ||     6
       Finesse           |       |       |       |     3 |     1 ||     4
Evoke: Wand              |       |       |       |     3 |       ||     3
       Lightning rod     |       |       |       |       |    12 ||    12
  Use: Potion            |     2 |     2 |     6 |    16 |     6 ||    32
       Scroll            |       |       |       |     2 |     1 ||     3
 Stab: Invisible         |       |       |       |     4 |     7 ||    11
       Sleeping          |       |       |       |     3 |       ||     3
       Petrified         |       |       |       |     5 |       ||     5
       Petrifying        |       |       |       |     4 |       ||     4
Armor: Scale mail        |    17 |       |       |       |    13 ||    30
       Chain mail        |     9 |    35 |    31 |       |       ||    75
       Ring mail         |       |       |   103 |   219 |    31 ||   353
Dodge: Dodged            |    22 |    20 |   102 |   194 |    34 ||   372
Block: Buckler           |    13 |    13 |    64 |   122 |    14 ||   226

Table legend: (Time is in decaauts)
 A = Elapsed time spent in this place.
 B = Non-inter-level travel time spent in this place.
 C = Inter-level travel time spent in this place.
 D = Time resting spent in this place.
 E = Time spent auto-exploring this place.
 F = Levels seen in this place.
 G = Mean time per level.
                   A        B        C        D        E       F      G
               +--------+--------+--------+--------+--------+-----+--------+
         Total |   4640 |   4640 |      0 |   2658 |    345 |   1 | 4640.0 |
       Dungeon |   4640 |   4640 |      0 |   2658 |    345 |   1 | 4640.0 |
               +--------+--------+--------+--------+--------+-----+--------+

Top non-repeatable levels by time:
       D: 4640 daAuts
